 Dungeon Crawl Stone Soup version 0.19.0-11-g3fc08b3 (webtiles) character file.

87 Jerry the Covered (level 4, -4/29 HPs)
             Began as a Gargoyle Fighter on Nov 9, 2016.
             Slain by an orc priest
             ... wielding a +0 flail
              (8 damage)
             ... on level 3 of the Dungeon.
             The game lasted 00:05:26 (1951 turns).

Jerry the Covered (Gargoyle Fighter)                Turns: 1951, Time: 00:05:26

Health: -4/29      AC: 11    Str: 19    XL:     4   Next: 51%
Magic:  4/4        EV: 12    Int:  9    God:
Gold:   128        SH:  0    Dex: 10    Spells: 0 memorised, 3 levels left

rFire  . . .     SeeInvis .     l - +0 whip
rCold  . . .     Gourm    .     b - +0 scale mail
rNeg   + . .     Faith    .     (no shield)
rPois  ∞         Spirit   .     (no helmet)
rElec  +         Reflect  .     (no cloak)
rCorr  .         Harm     .     j - +0 pair of gloves
MR     .....     Rnd*Tele +     (no boots)
Stlth  ..........               (no amulet)
                                r - +3 ring of evasion
                                a - ring of teleportation (curse)

@: no status effects
A: negative energy resistance 1, electricity resistance, unbreathing,
petrification resistance, rot immunity, AC +3
a: no special abilities


You were on level 3 of the Dungeon.
You were not hungry.

You visited 1 branch of the dungeon, and saw 3 of its levels.

You collected 128 gold pieces.

Inventory:

Hand Weapons
 l - a +0 whip (weapon)
Armour
 b - a +0 scale mail (worn)
 c - a +0 shield
 j - a +0 pair of gloves (worn)
Jewellery
 a - a cursed ring of teleportation (left hand)
 k - an uncursed ring of resist corrosion
 r - a +3 ring of evasion (right hand)
Scrolls
 e - a scroll of magic mapping {unknown}
 g - a scroll of recharging {unknown}
 h - a scroll of blinking {unknown}
 i - 4 scrolls of identify {unknown}
 o - 2 scrolls of enchant armour {unknown}
 p - 3 scrolls of teleportation {unknown}
Potions
 d - a potion of might
 m - a potion of cancellation {unknown}
 n - 2 potions of curing {unknown}
 s - a potion of brilliance {unknown}
 t - a potion of beneficial mutation {unknown}
 u - a potion of haste {unknown}
Comestibles
 f - a bread ration
 q - 2 meat rations


   Skills:
 + Level 4.1 Fighting
 + Level 3.1 Maces & Flails
 + Level 4.2 Armour
 - Level 3.2 Shields


You had 3 spell levels left.
You didn't know any spells.

Dungeon Overview and Level Annotations

Branches:
Dungeon (3/15)

Altars:


Innate Abilities, Weirdness & Mutations

You are resistant to torment.
Your stone body is resilient. (AC +3)
You are immune to poison.
You resist negative energy. (rN+)
You are resistant to electric shocks. (rElec)
You can survive without breathing.
You are immune to petrification.
You are immune to rotting.


Message History

The orc priest is heavily wounded.
The orc priest mumbles some strange prayers to Beogh against you.
Pain shoots through your body!
* * * LOW HITPOINT WARNING * * *
The orc misses you.
You barely miss the orc priest.
The orc priest is heavily wounded.
The orc priest hits you but does no damage.
You hit the orc priest.
The orc priest is almost dead.
The orc closely misses you.
You hit the orc priest but do no damage.
The orc priest is almost dead.
The orc priest hits you with a flail.
* * * LOW HITPOINT WARNING * * *
The orc hits you but does no damage.
Your scale mail prevents you from hitting the orc priest.
The orc priest is almost dead.
The orc priest hits you with a flail!
You die...

. #.#..#
#...... ..
#...#
##.....
.$. #..##
#...... ..
##.##
#......
#.#..#
........
.###...[#
##.......
.....##.#
#.......
.#....#.#
#.#.....
##.#..@#
..#.... .
#..oo.# #
##### .#
#.#.#....
#.#..###.#
#.##. # #
.. #. . ..
... ..


You could see an orc priest and an orc.

Vanquished Creatures
  2 adders (D:2)
  A worm (D:2)
  A leopard gecko (D:1)
  2 orcs (D:3)
  A ball python (D:1)
  4 giant cockroaches
  11 goblins
  6 hobgoblins
  4 jackals (D:2)
  10 kobolds
  A quokka (D:3)
  3 bats
  2 frilled lizards
  9 rats
57 creatures vanquished.

Notes
Turn   | Place    | Note
-------+----------+-------------------------------------------
     0 | D:1      | Jerry the Gargoyle Fighter began the quest for the Orb.
     0 | D:1      | Reached XP level 1. HP: 14/14 MP: 1/1
   118 | D:1      | Reached XP level 2. HP: 15/19 MP: 2/2
   491 | D:1      | Reached XP level 3. HP: 19/23 MP: 3/3
  1292 | D:2      | Reached XP level 4. HP: 27/29 MP: 4/4
  1951 | D:3      | Slain by an orc priest

Skill      XL: |  1  2  3  4 |
---------------+-------------+-----
Armour         | 4 |  4.2
Fighting       | 4 |  4.1
Maces & Flails | 3 |  3.1
Shields        | |  3.2

Action                   |  1- 3 |  4- 6 || total
-------------------------+-------+-------++-------
Melee: Flail             |   105 |       ||   105
       Whip              |   124 |    74 ||   198
  Eat: Chunk             |       |     4 ||     4
Armor: Scale mail        |   135 |    25 ||   160
Dodge: Dodged            |   120 |    43 ||   163
